 Dungeon Crawl Stone Soup version 0.24.0-125-gc4c63601f3 (webtiles) character file.

Game seed: 18232651329272520910, levelgen mode: deterministic

485 lepoulpe303 the Grave Robber (level 6, -3/41 HPs)
             Began as a Demonspawn Necromancer on Mar 14, 2020.
             Killed from afar by Ijyb (17 damage)
             ... with a bolt of acid
             ... on level 4 of the Dungeon.
             The game lasted 00:15:23 (4460 turns).

lepoulpe303 the Grave Robber (DsNe)                 Turns: 4460, Time: 00:15:23

Health: -3/41      AC:  2    Str:  8    XL:     6   Next: 88%
Magic:  10/12      EV: 13    Int: 18    God:
Gold:   126        SH:  0    Dex: 14    Spells: 1/13 levels left

rFire    . . .     SeeInvis .   p - +2 dagger (venom)
rCold    + . .     Gourm    .   (no shield)
rNeg     . . .     Faith    .   a - +0 robe
rPois    .         Spirit   .   (helmet restricted)
rElec    .         Reflect  .   (no cloak)
rCorr    .         Harm     .   (no gloves)
MR       .....                  (no boots)
Stlth    ++........             (no amulet)
HPRegen  0.13/turn              (no ring)
MPRegen  0.13/turn              (no ring)

@: no status effects
A: claws 1, horns 2, cold resistance 1, powered by death 1
a: no special abilities


You were on level 4 of the Dungeon.
You were not hungry.

You visited 1 branch of the dungeon, and saw 4 of its levels.

You collected 126 gold pieces.

Inventory:

Hand Weapons
 j - a +0 short sword
 p - a +2 dagger of venom (weapon)
Missiles
 d - 8 atropa-tipped darts (quivered)
Armour
 a - a +0 robe (worn)
Jewellery
 b - a +2 ring of intelligence {unknown}
 l - an uncursed ring of ice {unknown}
Scrolls
 f - a scroll of fog {unknown}
 g - 2 scrolls of immolation {!r}
 h - 2 scrolls of remove curse {unknown}
 i - 2 scrolls of identify
 m - 3 scrolls of teleportation {unknown}
 n - a scroll of noise {unknown}
Potions
 c - a potion of lignification {!q}
 k - a potion of flight {unknown}
 o - 2 potions of curing {unknown}
 r - a potion of agility {unknown}
Comestibles
 e - 6 rations


   Skills:
 + Level 3.1 Dodging
 + Level 3.2 Stealth
 * Level 4.2 Spellcasting
 * Level 6.4 Necromancy


You had one spell level left.
You knew the following spells:

 Your Spells              Type           Power        Failure   Level  Hunger
a - Pain                  Necr           ####         1%          1    None
b - Animate Dead          Necr           N/A          10%         4    ####...
r - Regeneration          Chrm/Necr      ###.......   12%         3    ###....
x - Vampiric Draining     Necr           ####......   3%          3    ###....
A - Animate Skeleton      Necr           N/A          1%          1    None

Your spell library contained the following spells:

 Spells                   Type           Power        Failure   Level  Hunger


Dungeon Overview and Level Annotations

Branches:
Dungeon (4/15)
 Temple: D:4-7

Altars:
Kikubaaqudgha
Zin

Annotations:
D:4 Ijyb


Innate Abilities, Weirdness & Mutations

You have sharp fingernails.
You have a pair of horns on your head.
Your flesh is cold resistant. (rC+)
You regenerate a little health from kills.


Message History

Your hound zombie is splashed with acid.
The acid corrodes your hound zombie! The bolt of acid misses you.
Unknown command.
Unknown command.
Ijyb hits your hound zombie. Ijyb hits your hound zombie.
Ijyb hits your hound zombie.
MP restored: 12 You aren't carrying any items that you can evoke.
Ijyb hits your hound zombie.
Your hound zombie is destroyed!
Aim: Ijyb, wearing a +0 leather armour and carrying a wand of acid (6) (heavily wounded, chance to defeat MR: 89%) Ijyb writhes in agony.
You take 1 damage, and have 15/41 hp.
You now have 11/12 mp.
Aim: Ijyb, wearing a +0 leather armour and carrying a wand of acid (6) (heavily wounded, chance to defeat MR: 89%) Ijyb writhes in agony.
Ijyb zaps a wand.
The bolt of acid hits you!
You die...

##..8.8..........#####
#.#......
##..............#
#........
####...........#
##<......
#...........#
###....##+
#...........#
#......⌠..
#....#......#
#.........
#...##......#
#..⌠.<...+
#..###......#
#.........
####.#.###@##
#......⌠.. #.)..# #.#
#......... ##.### #.#
#......... ### #g#
#......... #.#
#......... #.#
#......... #.#
#......... #.#
#......... #.#
####...##'


You could see Ijyb.

Levels and vault maps discovered:
D:1:      eino_arrival_water_cross, layout_basic, roderic_roman_lattice
D:2:      layout_basic, chequers_ecumenical_altar_simple
D:3:      layout_basic, old_standard_altar, minmay_misc_feat_iff, uniq_robin
D:4:      layout_basic, zin_statuary, first_ration, nrook_loot_triangle,
          minmay_stone_trees_small, grunt_ministairs_1, kennysheep_small_spiral,
          uniq_ijyb

Notes
Turn   | Place    | Note
-------+----------+-------------------------------------------
     0 | D:1      | lepoulpe303 the Demonspawn Necromancer began the quest for
                  | the Orb.
     0 | D:1      | Reached XP level 1. HP: 13/13 MP: 3/3
    30 | D:1      | Identified a +0 club
   649 | D:1      | Gained mutation: You have sharp fingernails. [demonic
                  | ancestry]
   649 | D:1      | Reached XP level 2. HP: 19/19 MP: 3/5
   652 | D:1      | Learned a level 1 spell: Animate Skeleton
  1036 | D:1      | Identified a +0 dagger
  1148 | D:1      | Identified a +0 short sword (You found it on level 1 of the
                  | Dungeon)
  1261 | D:2      | Identified a cursed -3 club
  1269 | D:2      | Reached skill level 2 in Stealth
  1335 | D:2      | Reached skill level 2 in Dodging
  1619 | D:2      | Gained mutation: You have a pair of small horns on your
                  | head. [demonic ancestry]
  1619 | D:2      | Reached XP level 3. HP: 13/24 MP: 3/6
  1639 | D:2      | Identified 2 scrolls of immolation
  1640 | D:2      | Identified 2 scrolls of identify
  1640 | D:2      | Identified an amulet of inaccuracy (You found it on level 1
                  | of the Dungeon)
  1698 | D:2      | Identified a +0 hunting sling
  1705 | D:2      | Reached skill level 5 in Necromancy
  1706 | D:2      | Found a faded altar of an unknown god.
  2084 | D:3      | HP: 6/24 [poisoned by an adder]
  2091 | D:3      | HP: 4/24 [poisoned by an adder]
  2098 | D:3      | HP: 2/24 [poisoned by an adder]
  2105 | D:3      | Identified 2 potions of lignification
  2106 | D:3      | HP: 2/36 [poisoned by an adder]
  2394 | D:3      | Identified a +0 dagger
  2402 | D:3      | Identified a +0 short sword
  2424 | D:3      | Identified a +0 club
  2432 | D:3      | Gained mutation: You have a pair of horns on your head.
                  | [demonic ancestry]
  2432 | D:3      | Reached XP level 4. HP: 22/30 MP: 8/8
  2629 | D:3      | Identified a +0 dagger
  2630 | D:3      | Identified a +0 dagger
  2631 | D:3      | Identified a +0 club
  2632 | D:3      | Identified a +2 dagger of venom
  2632 | D:3      | Identified a +0 hunting sling
  2645 | D:3      | Learned a level 3 spell: Vampiric Draining
  2645 | D:3      | Identified a +0 club
  2648 | D:3      | Identified a cursed -3 hunting sling
  2648 | D:3      | Identified a +0 club
  2649 | D:3      | Identified a cursed -1 club
  2652 | D:3      | Identified a +0 dagger
  2652 | D:3      | Identified a +0 animal skin
  2652 | D:3      | Identified the -2 helmet of the Monkey's Uncle {Str+2}
  2652 | D:3      | Noticed Robin
  2907 | D:3      | Killed Robin
  2907 | D:3      | Reached skill level 3 in Spellcasting
  2927 | D:3      | Identified a +0 club
  2964 | D:3      | Identified a +0 whip
  2964 | D:3      | Identified a +0 club
  2965 | D:3      | Identified a +0 ring mail
  2976 | D:3      | Identified a +0 club
  3266 | D:3      | Identified a +0 dagger
  3281 | D:3      | HP: 5/30 [gnoll/+0 club (11)]
  3283 | D:3      | Gained mutation: You regenerate a little health from kills.
                  | [demonic ancestry]
  3283 | D:3      | Reached XP level 5. HP: 8/35 MP: 0/9
  3288 | D:3      | Learned a level 3 spell: Regeneration
  3338 | D:3      | Found an ancient bone altar of Kikubaaqudgha.
  3865 | D:4      | Identified a +0 giant spiked club
  3865 | D:4      | Noticed an ogre
  3878 | D:4      | Killed an ogre
  3965 | D:4      | Identified a +0 giant club
  3965 | D:4      | Noticed an ogre
  3985 | D:4      | Killed an ogre
  3985 | D:4      | Reached skill level 3 in Stealth
  3985 | D:4      | Reached skill level 6 in Necromancy
  3985 | D:4      | Gained mutation: Your flesh is cold resistant. (rC+)
                  | [demonic ancestry]
  3985 | D:4      | Reached XP level 6. HP: 41/41 MP: 11/11
  3992 | D:4      | Learned a level 4 spell: Animate Dead
  4087 | D:4      | Found a glowing silver altar of Zin.
  4297 | D:4      | Identified a +0 leather armour
  4297 | D:4      | Noticed Ijyb
  4335 | D:4      | Identified a cursed -3 giant club
  4356 | D:4      | Reached skill level 3 in Dodging
  4356 | D:4      | Reached skill level 4 in Spellcasting
  4460 | D:4      | Killed from afar by Ijyb

Table legend:
 A = Turns spent in this place as a percentage of turns spent in the entire game.
 B = Non-inter-level travel turns spent in this place as a percentage of non-inter-level travel turns spent in the entire game.
 C = Inter-level travel turns spent in this place as a percentage of turns spent in this place.
 D = Turns resting spent in this place as a percentage of non-inter-level travel turns spent in this place.
 E = Turns spent auto-exploring this place as a percentage of non-inter-level travel turns spent in this place.
 F = Non-inter-level travel turns spent in this place divided by the number of levels of this place that you've seen.
                   A       B       C       D       E      F
               +-------+-------+-------+-------+-------+----------------------
         Total | 100.0 | 100.0 |   5.2 |  34.0 |  46.0 | 1057.5
       Dungeon | 100.0 | 100.0 |   5.2 |  34.0 |  46.0 | 1057.5
               +-------+-------+-------+-------+-------+----------------------

Table legend:
 A = Kills in this place as a percentage of kills in entire the game.
 B = Kills by you in this place as a percentage of kills by you in the entire game.
 C = Kills by friends in this place as a percentage of kills by friends in the entire game.
 D = Other kills in this place as a percentage of other kills in the entire game.
 E = Experience gained in this place as a percentage of experience gained in the entire game.
 F = Experience gained in this place divided by the number of levels of this place that you have seen.
                   A       B       C       D       E      F
               +-------+-------+-------+-------+-------+----------------------
         Total | 100.0 | 100.0 | 100.0 |   N/A | 100.0 | 173.5
       Dungeon | 100.0 | 100.0 | 100.0 |   N/A | 100.0 | 173.5
               +-------+-------+-------+-------+-------+----------------------

Skill      XL: |  1  2  3  4  5  6 |
---------------+-------------------+-----
Stealth        | 2 3 |  3.2
Dodging        | 2 3 |  3.1
Necromancy     | 5 6 |  6.4
Spellcasting   | 3 4 |  4.2

Action                   |  1- 3 |  4- 6 || total
-------------------------+-------+-------++-------
Melee: Short sword       |    36 |    27 ||    63
       Headbutt          |     4 |    11 ||    15
       Dagger            |       |    26 ||    26
 Cast: Pain              |    39 |    54 ||    93
       Animate Skeleton  |     7 |     9 ||    16
       Vampiric Draining |       |     5 ||     5
       Animate Dead      |       |     2 ||     2
  Use: Scroll            |     2 |       ||     2
       Potion            |     1 |       ||     1
 Stab: Sleeping          |     2 |     3 ||     5
  Eat: Chunk             |     5 |     4 ||     9
       Ration            |       |     1 ||     1
Armor: Robe              |    10 |     9 ||    19
Dodge: Dodged            |    36 |    54 ||    90

Vanquished Creatures
  3 ogres (D:4)
  2 hounds (D:4)
  Robin (D:3)
  3 gnolls (D:3)
  5 adders
  An ooze (D:4)
  A worm (D:4)
  5 dart slugs
  A leopard gecko (D:4)
  2 giant cockroaches
  10 hobgoblins
  3 kobolds
  A quokka (D:3)
  2 ball pythons
  4 bats
  2 frilled lizards
  11 goblins
  4 rats
61 creatures vanquished.

Vanquished Creatures (collateral kills)
  A worker ant (D:4)
  A gnoll (D:3)
  A worm (D:3)
  A giant cockroach (D:3)
  A goblin (D:2)
  2 bats (D:3)
  A rat (D:2)
8 creatures vanquished.

Grand Total: 69 creatures vanquished
